 Dungeon Crawl Stone Soup version 0.21.1 (webtiles) character file.

34523 pk666 the Cleaver (level 13, -26/186 HPs)
             Began as a Minotaur Berserker on Feb 5, 2018.
             Was a High Priest of Trog.
             Annihilated by a juggernaut zombie (43 damage)
             ... on level 15 of the Dungeon.
             The game lasted 00:42:52 (16111 turns).

pk666 the Cleaver (Minotaur Berserker)             Turns: 16111, Time: 00:42:52

Health: -26/186    AC: 22    Str: 33    XL:     13   Next: 42%
Magic:  4/4        EV: 13    Int:  4    God:    Trog [*****.]
Gold:   960        SH:  0    Dex:  9    Spells: 12/12 levels left

rFire    + . .     SeeInvis +   S - +8 broad axe (antimagic)
rCold    . . .     Gourm    .   (no shield)
rNeg     . . .     Faith    .   H - +0 plate armour
rPois    .         Spirit   .   (helmet restricted)
rElec    .         Reflect  .   W - +2 cloak {+Inv}
rCorr    .         Harm     +   s - +0 pair of gloves
MR       ++...                  B - +0 pair of boots
Stlth    ..........             D - amulet of harm
HPRegen  1.41/turn              E - ring of protection from fire
MPRegen  0.09/turn              G - ring of see invisible

@: berserking, starving, regenerating, very quick
A: retaliatory headbutt, horns 2
a: Berserk, Trog's Hand, Brothers in Arms, Burn Spellbooks, Renounce Religion,
Evoke Invisibility


You were on level 15 of the Dungeon.
You worshipped Trog.
Trog was extremely pleased with you.
You were starving.

You visited 2 branches of the dungeon, and saw 16 of its levels.
You also visited: Ossuary and Bailey.

You collected 1035 gold pieces.
You spent 75 gold pieces at shops.

Inventory:

Hand Weapons
 P - a +0 battleaxe
 S - a +8 antimagic broad axe (weapon)
Missiles
 q - 48 bolts
 X - 31 tomahawks of returning (quivered)
 Y - 5 steel javelins
Armour
 s - a +0 pair of gloves (worn)
 B - a +0 pair of boots (worn)
 H - a +0 plate armour (worn)
 W - a +2 cloak of invisibility (worn)
Jewellery
 D - an amulet of harm (around neck)
 E - a ring of protection from fire (left hand)
 G - a ring of see invisible (right hand)
 I - a +4 amulet of reflection {unknown}
 L - a +3 ring of protection {unknown}
 R - an uncursed ring of resist corrosion {unknown}
 T - an uncursed amulet of rage {unknown}
Wands
 u - a wand of digging (10)
 z - a wand of disintegration (14)
 A - a wand of random effects (26)
 O - a wand of enslavement (10)
 U - a wand of iceblast (3)
 Z - a wand of flame (38)
Scrolls
 e - 2 scrolls of fog {unknown}
 f - 7 scrolls of remove curse
 g - 2 scrolls of fear {unknown}
 j - 4 scrolls of random uselessness {unknown}
 l - 9 scrolls of teleportation {unknown}
 m - 3 scrolls of enchant armour {unknown}
 n - 6 scrolls of amnesia {unknown}
 o - 8 scrolls of identify {unknown}
 t - 4 scrolls of immolation {unknown}
 y - a scroll of vulnerability {unknown}
 J - 2 scrolls of magic mapping {unknown}
Potions
 d - 2 potions of mutation {unknown}
 h - 5 potions of brilliance {unknown}
 i - 4 potions of agility
 k - a potion of ambrosia {unknown}
 p - 6 potions of flight
 r - 9 potions of degeneration {unknown}
 v - 8 potions of curing {unknown}
 w - 3 potions of might {unknown}
 x - 2 potions of haste {unknown}
 C - 2 potions of lignification {unknown}
 F - 4 potions of heal wounds
 Q - a potion of berserk rage {unknown}
 V - a potion of resistance {unknown}
Books
 b - a book of Changes

   Spells                             Type                      Level
   a - Beastly Appendage              Transmutation                1
   b - Sticks to Snakes               Transmutation                2
   c - Spider Form                    Transmutation/Poison         3
   d - Ice Form                       Ice/Transmutation            4
   e - Blade Hands                    Transmutation                5
   Trog disapproves of the use of such an item.
 K - a book of Frost

   Spells                             Type                      Level
   a - Freeze                         Ice                          1
   b - Throw Frost                    Conjuration/Ice              2
   c - Ozocubu's Armour               Charms/Ice                   3
   d - Throw Icicle                   Conjuration/Ice              4
   e - Summon Ice Beast               Ice/Summoning                4
   Trog disapproves of the use of such an item.
 M - a book of Death

   Spells                             Type                      Level
   a - Corpse Rot                     Necromancy                   2
   b - Sublimation of Blood           Necromancy                   2
   c - Agony                          Necromancy                   5
   d - Dispel Undead                  Necromancy                   5
   e - Excruciating Wounds            Charms/Necromancy            5
   f - Bolt of Draining               Conjuration/Necromancy       5
   Trog disapproves of the use of such an item.
 N - a book of Callings

   Spells                             Type                      Level
   a - Summon Small Mammal            Summoning                    1
   b - Call Imp                       Summoning                    2
   c - Call Canine Familiar           Summoning                    3
   d - Summon Guardian Golem          Hexes/Summoning              3
   e - Summon Lightning Spire         Summoning/Air                4
   f - Summon Ice Beast               Ice/Summoning                4
   Trog disapproves of the use of such an item.
Miscellaneous
 a - a lightning rod (4/4)
Comestibles
 c - 28 rations


   Skills:
 + Level 14.2 Fighting
 * Level 14.9 Axes
 + Level 13.0 Armour
 + Level 12.0 Dodging


You had 12 spell levels left.
You didn't know any spells.

Dungeon Overview and Level Annotations

Branches:
Dungeon (15/15)            Temple (1/1) D:6            Lair (0/6) D:8
    Orc (0/2) D:9          Vaults (0/5) D:14         Depths (0/5) D:15

Altars:
Ashenzari
Cheibriados
Dithmenos
Elyvilon
Kikubaaqudgha
Makhleb
Nemelex Xobeh
Okawaru
Qazlal
Ru
Trog
Wu Jian
Xom
Yredelemnul
Zin
The Shining One
Jiyva

Shops:
D:5 [   D:10 !   D:13 (

Annotations:
D:7 2 transporters


Innate Abilities, Weirdness & Mutations

You reflexively headbutt those who attack you in melee.
You have a pair of horns on your head.


Message History

You headbutt the juggernaut zombie!!
The juggernaut zombie is lightly damaged.
You barely miss the skeletal warrior.
You slice the deep elf demonologist zombie!!
The deep elf demonologist zombie hits you.
* * * LOW HITPOINT WARNING * * *
The skeletal warrior hits you but does no damage.
You slash the juggernaut zombie!
The juggernaut zombie is moderately damaged.
You hit the skeletal warrior but do no damage.
You slash the deep elf demonologist zombie!
You destroy the deep elf demonologist zombie!
Trog accepts your kill.
Your Armour skill increases to level 13!
You slice the juggernaut zombie like a ripe choko!!!
The juggernaut zombie is heavily damaged.
You slice the skeletal warrior!!
The skeletal warrior hits you but does no damage.
The juggernaut zombie hits you!!!
You die...

.#### ## .....# #..
88....##.#
.......#.#
.....P.#.#
.......#.#
.8.....#.#
>...8.Z@.#
......z))#
.P.....#)#
.......#.#######
.P.....#........ ..
......##.........#.#
.....###.###≈###.#.#
.#####...#.#≈#.# ..#
#.###.#≈#.###.#


You could see a skeletal warrior and a juggernaut zombie.

Vanquished Creatures
  Snorg (D:10)
  The ghost of SaintRoka the Fighter, a journeyman OgWz of Cheibriados (D:10)
  Erolcha (D:13)
  2 centaur warriors
  A catoblepas (D:14)
  2 dancing weapons (D:14)
  2 tengu warriors (D:14)
  A two-headed ogre (D:15)
  The ghost of p0werm0de the Cleaver, a novice GnCK of Cheibriados (D:9)
  The ghost of inmateoo the Slicer, a novice GnWn of Ashenzari (D:7)
  A vampire mage (D:15)
  A skeletal warrior (D:15)
  2 unseen horrors
  Pikel (D:8)
  5 orc knights
  A necromancer (D:15)
  3 ugly things (D:14)
  A deep elf mage (D:14)
  A cyclops (D:15)
  2 manticores
  A salamander (shapeshifter) (D:14)
  Psyche (D:11)
  A gargoyle (D:15)
  A spiny frog (shapeshifter) (D:14)
  2 kobold demonologists (D:13)
  The ghost of p0werm0de the Firebug, a novice OpFE (D:5)
  5 trolls
  A tengu conjurer (D:14)
  A hornet (D:9)
  A troll (shapeshifter) (D:13)
  A meliai zombie (D:10)
  An elf zombie (D:15)
  3 hippogriffs
  2 shadows
  7 wyverns
  2 wraiths
  2 basilisks
  2 humans (D:9)
  9 yaks (D:13)
  2 vampire mosquitoes (D:15)
  A steam dragon (D:8)
  A warg (D:15)
  A tengu zombie (D:15)
  A soldier ant (D:13)
  22 orc warriors
  2 ice beasts
  A sky beast (D:9)
  4 necrophages
  11 ogres
  4 phantoms
  A crocodile (D:8)
  5 big kobolds
  4 bullfrogs
  A water moccasin zombie (D:8)
  4 scorpions
  10 killer bees
  5 wights
  7 howler monkeys
  3 crimson imps
  2 bullfrog zombies
  3 centaur zombies
  4 jellies
  3 human zombies (Ossuary)
  12 orc priests
  2 bullfrog skeletons
  5 hounds
  Terence (D:2)
  2 iguanas
  20 orc wizards
  9 worker ants
  A killer bee zombie (D:9)
  2 hound zombies
  4 mummies
  2 worker ant zombies (D:11)
  A howler monkey skeleton (D:4)
  8 adders
  2 gnolls (Bailey)
  3 shadow imps
  5 oozes (D:9)
  2 adder zombies
  A worm (D:3)
  2 dart slugs
  5 leopard geckos
  63 orcs
  6 giant cockroaches
  12 goblins
  9 hobgoblins
  28 jackals
  5 quokkas
  3 ball pythons
  5 bats
  9 frilled lizards
  3 goblin zombies (Ossuary)
  2 hobgoblin zombies (Ossuary)
  33 kobolds
  A leopard gecko skeleton (D:5)
  7 rats
452 creatures vanquished.

Vanquished Creatures (collateral kills)
  A two-headed ogre (D:9)
  Sonja (D:15)
  An orc warrior (D:12)
  A killer bee (D:12)
  4 wights (D:12)
  A worker ant (D:9)
  An orc (D:12)
10 creatures vanquished.

Vanquished Creatures (others)
  2 slaves (D:8)
  6 withered plants (D:15)
8 creatures vanquished.

Grand Total: 470 creatures vanquished

Notes
Turn   | Place    | Note
-------+----------+-------------------------------------------
     0 | D:1      | pk666 the Minotaur Berserker began the quest for the Orb.
     0 | D:1      | Reached XP level 1. HP: 19/19 MP: 0/0
    95 | D:1      | Reached XP level 2. HP: 21/27 MP: 1/1
   661 | D:2      | Noticed Terence
   667 | D:2      | Reached ** piety under Trog
   669 | D:2      | Killed Terence
   669 | D:2      | Reached XP level 3. HP: 33/34 MP: 2/2
   853 | D:2      | Reached XP level 4. HP: 41/41 MP: 3/3
   922 | D:2      | Reached skill level 5 in Axes
  1010 | D:2      | Reached skill level 5 in Fighting
  1101 | D:2      | Found a sparkling altar of Nemelex Xobeh.
  1877 | D:3      | Reached XP level 5. HP: 25/49 MP: 4/4
  2503 | D:3      | Found a shadowy altar of Dithmenos.
  2816 | D:4      | Found a sand-covered staircase.
  2851 | D:4      | Reached XP level 6. HP: 18/58 MP: 5/5
  2935 | Ossuary  | Entered an ossuary
  3233 | Ossuary  | Reached *** piety under Trog
  3634 | D:5      | Entered Level 5 of the Dungeon
  3751 | D:5      | Reached XP level 7. HP: 49/66 MP: 6/6
  3824 | D:5      | Noticed p0werm0de's ghost (novice OpFE)
  3829 | D:5      | Killed p0werm0de's ghost
  3949 | D:5      | Found a sacrificial altar of Ru.
  4144 | D:5      | Found an ornate altar of the Wu Jian Council.
  4204 | D:5      | Found Zasem's Antique Armour Emporium.
  4470 | D:6      | Reached XP level 8. HP: 74/74 MP: 7/7
  4483 | D:6      | Found a shimmering altar of Xom.
  4631 | D:6      | Found a burning altar of Makhleb.
  4864 | D:6      | Reached **** piety under Trog
  4994 | D:6      | Found a white marble altar of Elyvilon.
  5006 | D:6      | Reached skill level 5 in Armour
  5132 | D:6      | Found a staircase to the Ecumenical Temple.
  5139 | Temple   | Entered the Ecumenical Temple
  5318 | D:6      | Found a snail-covered altar of Cheibriados.
  5380 | D:7      | Noticed inmateoo's ghost (novice GnWn)
  5419 | D:7      | Killed inmateoo's ghost
  5419 | D:7      | Reached skill level 5 in Dodging
  5419 | D:7      | Reached XP level 9. HP: 83/83 MP: 8/8
  5886 | D:7      | Found a transporter.
  5888 | D:7      | Found a transporter.
  5888 | D:7      | Noticed an unseen horror
  5888 | D:7      | Noticed a wizard
  5985 | D:7      | Found a stormy altar of Qazlal.
  6434 | D:8      | Found a shattered altar of Ashenzari.
  6482 | D:8      | Noticed Pikel
  6497 | D:8      | Killed Pikel
  6731 | D:8      | Reached skill level 10 in Axes
  6829 | D:8      | Reached skill level 10 in Fighting
  7153 | D:8      | Reached XP level 10. HP: 71/93 MP: 9/9
  7370 | D:8      | Found a staircase to the Lair.
  7717 | D:9      | Reached ***** piety under Trog
  7726 | D:9      | Paralysed by a hornet for 1 turns
  7772 | D:9      | Found a glowing golden altar of the Shining One.
  7805 | D:9      | Noticed a two-headed ogre
  7812 | D:9      | Killed a two-headed ogre
  8240 | D:9      | Found a staircase to the Orcish Mines.
  8308 | D:9      | Noticed p0werm0de's ghost (novice GnCK)
  8345 | D:9      | Killed p0werm0de's ghost
  8617 | D:9      | Found an iron altar of Okawaru.
  8672 | D:9      | Found a basalt altar of Yredelemnul.
  8829 | D:10     | Entered Level 10 of the Dungeon
  8877 | D:10     | Noticed Snorg
  8901 | D:10     | Killed Snorg
  8901 | D:10     | Reached XP level 11. HP: 102/102 MP: 10/10
  9280 | D:10     | Found Qecakap's Distillery.
  9298 | D:10     | Bought a potion of heal wounds for 75 gold pieces
  9444 | D:10     | Noticed SaintRoka's ghost (journeyman OgWz)
  9462 | D:10     | Killed SaintRoka's ghost
  9698 | D:10     | Noticed an unseen horror
  9708 | D:10     | Killed an unseen horror
  9708 | D:10     | Reached skill level 10 in Armour
 10206 | D:11     | Noticed Psyche
 10211 | D:11     | Killed Psyche
 10792 | D:12     | Noticed an orc knight
 10822 | D:12     | Received a gift from Trog
 10829 | D:12     | Killed an orc knight
 11853 | D:12     | Reached skill level 10 in Dodging
 12526 | D:13     | Noticed an unseen horror
 12532 | D:13     | Killed an unseen horror
 12751 | D:13     | Noticed a centaur warrior
 12761 | D:13     | Killed a centaur warrior
 12761 | D:13     | Reached XP level 12. HP: 97/113 MP: 3/11
 12764 | D:13     | Found Putottob's Antique Weapon Boutique.
 12962 | D:13     | Found a flagged portal.
 12977 | Bailey   | Entered a bailey
 13321 | D:13     | Received a gift from Trog
 13515 | D:13     | Noticed Erolcha
 13526 | D:13     | Killed Erolcha
 14152 | D:14     | Noticed a tengu warrior
 14167 | D:14     | Killed a tengu warrior
 14325 | D:14     | Noticed a centaur warrior
 14327 | D:14     | Killed a centaur warrior
 14524 | D:14     | Noticed a catoblepas
 14532 | D:14     | Killed a catoblepas
 15035 | D:14     | Reached XP level 13. HP: 97/123 MP: 4/12
 15122 | D:14     | Found a gate to the Vaults.
 15427 | D:15     | Entered Level 15 of the Dungeon
 15640 | D:15     | Noticed Sonja
 15644 | D:15     | Killed Sonja
 16105 | D:15     | Found a staircase to the Depths.
 16111 | D:15     | Annihilated by a juggernaut zombie

Skill      XL: |  1  2  3  4  5  6  7  8  9 10 11 12 13 |
---------------+----------------------------------------+-----
Fighting       | 4 5 6 7 9 10 11 12 13 14 | 14.2
Axes           | 4 5 6 7 9 10 11 12 14 | 14.9
Armour         | 4 6 7 9 11 12 13 | 13.0
Dodging        | 3 5 7 8 10 11 12 | 12.0

Action                   |  1- 3 |  4- 6 |  7- 9 | 10-12 | 13-15 || total
-------------------------+-------+-------+-------+-------+-------++-------
Melee: Hand axe          |    50 |   173 |   319 |   253 |       ||   795
       Headbutt          |     8 |    33 |    55 |   132 |    14 ||   242
       Battleaxe         |       |       |       |   121 |       ||   121
       Broad axe         |       |       |       |   287 |    81 ||   368
Throw: Tomahawk          |       |       |       |       |     1 ||     1
Invok: Berserk           |       |     1 |     4 |     5 |     2 ||    12
       Brothers in Arms  |       |       |       |     4 |     1 ||     5
       Trog's Hand       |       |       |       |     1 |     1 ||     2
  Use: Scroll            |       |       |     1 |       |       ||     1
       Potion            |       |       |       |     1 |       ||     1
 Stab: Paralysed         |       |       |     1 |       |       ||     1
       Distracted        |       |       |       |     1 |       ||     1
  Eat: Chunk             |       |    10 |    13 |    29 |     5 ||    57
       Ration            |       |       |       |     1 |       ||     1
Armor: Animal skin       |     3 |       |       |       |       ||     3
       Ring mail         |     7 |     8 |       |       |       ||    15
       Scale mail        |       |    50 |    32 |       |       ||    82
       Plate armour      |       |       |   110 |   297 |    53 ||   460
Dodge: Dodged            |    32 |    84 |   119 |   301 |    46 ||   582
